 Dungeon Crawl Stone Soup version 0.29.0-13-gc9e81de378 (webtiles) character file.

Game seed: 1584282946495145658

121 SnakkuSnakku7 the Shooter (level 5, -1/40 HPs)
             Began as a Djinni Monk on Sept 8, 2022.
             Slain by a steam dragon (7 damage)
             ... on level 4 of the Dungeon.
             The game lasted 00:03:51 (3281 turns).

SnakkuSnakku7 the Shooter (Djinni Monk)             Turns: 3281, Time: 00:03:51

Health: -1/40      AC:  2    Str: 10    XL:     5   Next: 26%
Gold:   272        EV: 13    Int: 12    God:
                   SH:  0    Dex: 17

rFire   + + .      SeeInvis .   a - +1 sling
rCold   x . .      Faith    .   (no shield)
rNeg    . . .      Spirit   .   b - +0 robe
rPois   ∞          Reflect  .   (no helmet)
rElec   .          Harm     .   (no cloak)
rCorr   .          Rampage  .   (no gloves)
Will    .....                   (boots unavailable)
Stlth   +.........              (no amulet)
HPRegen 0.13/turn               (no ring)
MPRegen 0.00/turn               (no ring)

@: confused, ambrosia-drunk, flying
A: sickness immunity, fire resistance 2, cold vulnerability 1, float, innate
caster, HP casting, extra vitality 1
a: no special abilities


You were on level 4 of the Dungeon.
You visited 1 branch of the dungeon, and saw 4 of its levels.

You collected 272 gold pieces.

Inventory:

Hand Weapons
 a - a +1 sling (weapon)
 e - a +0 falchion
Armour
 b - a +0 robe (worn)
Jewellery
 r - a ring of fire
 v - a ring of ice
Scrolls
 d - a scroll of fog
 h - a scroll of poison
 q - a scroll of teleportation
 t - 2 scrolls of enchant weapon
Potions
 c - a potion of ambrosia
 f - a potion of magic {unknown}
 i - a potion of haste {unknown}
 j - a potion of heal wounds {unknown}
 k - a potion of lignification {unknown}
 l - 2 potions of might
 n - a potion of mutation
 p - 2 potions of curing {unknown}
 s - a potion of attraction


   Skills:
 - Level 3.0 Fighting
 - Level 2.6 Long Blades
 + Level 3.3 Ranged Weapons
 - Level 3.2 Dodging
 - Level 1.5 Stealth
 - Level 1.1 Spellcasting


You had 3 spell levels left.
You knew the following spells:

 Your Spells              Type           Power      Damage    Failure   Level
a - Foxfire               Conj/Fire      12%        2x1d4     19%         1
b - Call Imp              Summ           3%         N/A       28%         2
Your spell library was empty.

Dungeon Overview and Level Annotations

Branches:
Dungeon (4/15)
 Temple: D:4-7

Altars:

Shops:
D:2 :

Annotations:
D:2 1 runed translucent door, Crazy Yiuf


Innate Abilities, Weirdness & Mutations

You are immune to sickness and miasma.
You are immune to poison.
Your flesh is very heat resistant. (rF++)
You are vulnerable to cold. (rC-)
You float through the air rather than walking.
You learn spells naturally, not from books.
Your magical power is your life essence.
You have superior vitality. (+4 MHP)


Message History

Fire: a) +1 sling
Press: ? - help, Q - select action, (/) - cycle Shift-Dir - straight line, f/p - steam dragon
Aim: a steam dragon (severely wounded, catching its breath, 60% to hit)
You shoot a sling bullet.
The sling bullet barely misses the steam dragon.
The steam dragon misses you. The steam dragon barely misses you.
Fire: a) +1 sling
Press: ? - help, Q - select action, (/) - cycle Shift-Dir - straight line, f/p - steam dragon
Aim: a steam dragon (severely wounded, catching its breath, 60% to hit)
You shoot a sling bullet.
The sling bullet barely misses the steam dragon.
The steam dragon bites you. The steam dragon barely misses you.
Fire: a) +1 sling
Press: ? - help, Q - select action, (/) - cycle Shift-Dir - straight line, f/p - steam dragon
Aim: a steam dragon (severely wounded, catching its breath, 60% to hit)
You shoot a sling bullet. The sling bullet hits the steam dragon.
The steam dragon is severely wounded.
The steam dragon bites you but does no damage.
The steam dragon claws you.
Fire: a) +1 sling
Press: ? - help, Q - select action, (/) - cycle Shift-Dir - straight line, f/p - steam dragon
Aim: a steam dragon (severely wounded, 60% to hit)
You shoot a sling bullet.
The sling bullet barely misses the steam dragon.
The steam dragon bites you. The steam dragon claws you.
The steam dragon breathes steam at you. The ball of steam hits you. You resist.
* * * LOW HITPOINT WARNING * * *
Fire: a) +1 sling
Press: ? - help, Q - select action, (/) - cycle Shift-Dir - straight line, f/p - steam dragon
Aim: a steam dragon (severely wounded, 60% to hit)
You shoot a sling bullet.
The sling bullet hits the steam dragon but does no damage.
The steam dragon is severely wounded.
The steam dragon breathes steam at you. The ball of steam hits you! You resist.
* * * LOW HITPOINT WARNING * * *
You are confused.
You feel invigorated. The steam dragon bites you!
You die...

#......'...#
#......#...#
#......#...#
+..>.§.#...#
#.....§#...#
#....§.#...#
#..<..§#...#
#....§.#...#
#.....@#...#
#!....D#...#
#......#
#......#
+......#
#......#
#......#
#......#


You could see a steam dragon (catching breath).

Vanquished Creatures
  3 gnolls (D:2)
  2 adders (D:2)
  2 dart slugs
  3 orcs (D:3)
  6 bats
  3 endoplasms
  A giant cockroach (D:3)
  11 goblins
  8 hobgoblins
  2 quokkas (D:1)
  10 ball pythons
  8 frilled lizards
  4 kobolds
  4 rats
67 creatures vanquished.

Notes
Turn   | Place    | Note
-------+----------+-------------------------------------------
     0 | D:1      | SnakkuSnakku7 the Djinni Monk began the quest for the Orb.
     0 | D:1      | Reached XP level 1. HP: 20/20 MP: 0/0
    46 | D:1      | HP: 1/20 [ball python (2)]
   507 | D:1      | Reached skill level 1 in Spellcasting
   507 | D:1      | Reached XP level 2. HP: 25/25 MP: 0/0
   698 | D:1      | Found a faded altar of an unknown god.
   924 | D:1      | Reached skill level 1 in Ranged Weapons
  1077 | D:1      | Reached XP level 3. HP: 30/30 MP: 0/0
  1077 | D:1      | Learned a level 1 spell: Foxfire
  1819 | D:2      | Reached XP level 4. HP: 34/35 MP: 0/0
  2074 | D:2      | Found Pupaxkyg's Book Shop.
  2403 | D:2      | Found a runed translucent door.
  2404 | D:2      | Noticed Crazy Yiuf
  2559 | D:3      | Reached XP level 5. HP: 36/40 MP: 0/0
  2559 | D:3      | Learned a level 2 spell: Call Imp
  3266 | D:4      | Noticed a steam dragon
  3280 | D:4      | HP: 2/40 [steam dragon/ball of steam (8)]
  3281 | D:4      | Slain by a steam dragon

Illustrated notes

Levels and vault maps discovered:
D:1:      eino_arrival_druids_welcome, layout_loops_corners,
          shapermc_ecumenical_altar_starsandcircs
D:2:      layout_loops_ring, serial_shops, nicolae_diamond_shop,
          uniq_crazy_yiuf_cottage
D:3:      layout_rooms, minmay_randomly_rotated_circles
D:4:      layout_gridville, minmay_ruined_shrine

Skill      XL: |  1  2  3  4 |
---------------+-------------+-----
Spellcasting   | 1 |  1.1
Ranged Weapons | 1 2 3 |  3.3
Fighting       | |  3.0
Long Blades    | |  2.6
Dodging        | |  3.2
Stealth        | |  1.5

Action                   |  1- 3 |  4- 6 || total
-------------------------+-------+-------++-------
Melee: Falchion          |    18 |       ||    18
 Fire: Sling             |   108 |   123 ||   231
  Use: Scroll            |       |     9 ||     9
       Potion            |       |     1 ||     1
 Stab: Sleeping          |     2 |       ||     2
Armor: Robe              |    11 |    17 ||    28
Dodge: Dodged            |    71 |    75 ||   146
